 Dungeon Crawl Stone Soup version 0.28-a0-1382-g92835e5c71 (webtiles) character file.

Game seed: 568735699182532282

1575 bjtr the Firebug (level 8, -8/75 (83) HPs)
             Began as an Ogre Fire Elementalist on Jan 2, 2022.
             Was an Initiate of Vehumet.
             Killed from afar by a smoke demon (22 damage)
             ... with a ball of steam
             ... on level 1 of the Abyss.
             The game lasted 00:31:34 (7452 turns).

bjtr the Firebug (Ogre Fire Elementalist)           Turns: 7452, Time: 00:31:34

HP:   -8/75 (83)    AC:  4    Str: 17    XL:     8   Next: 91%
MP:   13/13         EV:  9    Int: 18    God:    Vehumet [......]
Gold: 367           SH:  0    Dex:  5    Spells: 12/19 levels left

rFire   . . .      SeeInvis .   a - +10 dagger "Mushravuq" {venom, Str+4 Dex-4}
rCold   . . .      Faith    .   (no shield)
rNeg    + . .      Spirit   .   p - +1 robe
rPois   .          Reflect  .   (helmet restricted)
rElec   .          Harm     .   B - scarf {+Inv}
rCorr   .          Rampage  .   (gloves unavailable)
Will    .....                   (boots unavailable)
Stlth   +.........              (no amulet)
HPRegen 0.22/turn               v - ring of positive energy
MPRegen 0.13/turn               (no ring)

@: confused, very slightly contaminated, drained
A: large, unfitting armour, tough skin 1, low mp 2, screaming 1
a: Renounce Religion, Evoke Invisibility


You were on level 1 of the Abyss.
You worshipped Vehumet.
Vehumet was noncommittal.
You visited 2 branches of the dungeon, and saw 7 of its levels.
You visited the Abyss 1 time.

You collected 367 gold pieces.

Inventory:

Hand Weapons
 a - the +10 dagger "Mushravuq" (weapon) {venom, Str+4 Dex-4}
   (You took it off a goblin on level 3 of the Dungeon)

   It poisons the flesh of those it strikes.
   Str:       It affects your strength (+4).
   Dex:       It affects your dexterity (-4).
 b - a +2 flail of draining
 m - a +0 vampiric trident
 o - a +0 dagger of holy wrath
 D - a +2 quarterstaff of chaos
Missiles
 d - 59 sling bullets
 g - 6 javelins
 z - 20 poisoned darts
 E - 291 stones
Armour
 p - a +1 robe (worn)
 u - a +0 cloak
 B - a scarf of invisibility (worn)
Jewellery
 v - a ring of positive energy (left hand)
Wands
 s - a wand of mindburst (18)
 w - a wand of acid (3)
 A - a wand of polymorph (5)
Scrolls
 c - a scroll of amnesia
 h - 3 scrolls of enchant armour
 t - a scroll of enchant weapon
 y - 2 scrolls of magic mapping
Potions
 e - 2 potions of flight
 f - a potion of magic {unknown}
 i - 3 potions of attraction
 l - 2 potions of might {unknown}
 q - a potion of invisibility {unknown}
 r - a potion of ambrosia {unknown}
 x - a potion of haste {unknown}
 C - a potion of mutation {unknown}
Miscellaneous
 n - a condenser vane (inert)


   Skills:
 * Level 5.8 Fighting
 - Level 0.2 Maces & Flails
 + Level 2.6 Dodging
 + Level 2.5 Stealth
 + Level 6.2 Spellcasting
 + Level 2.3 Conjurations
 * Level 6.9 Fire Magic


You had 12 spell levels left.
You knew the following spells:

 Your Spells              Type           Power      Damage    Failure   Level
a - Foxfire               Conj/Fire      88%        2x1d8     1%          1
b - Scorch                Fire           60%        2d8       1%          2
c - Flame Wave            Conj/Fire      22%        2d6       17%         4

Your spell library contained the following spells:

 Spells                   Type           Power      Damage    Failure   Level
 Conjure Flame            Conj/Fire      22%        6-21      5%          3
 Inner Flame              Hex/Fire       18%        N/A       9%          3
 Freeze                   Ice            20%        1d4       12%         1
 Corpse Rot               Necr/Air       10%        N/A       19%         2
 Frozen Ramparts          Ice            10%        1d3       34%         3
 Summon Guardian Golem    Hex/Summ       5%         N/A       34%         3
 Hailstorm                Conj/Ice       9%         3d4       56%         4
 Dispel Undead            Necr           5%         3d7       75%         4
 Ice Form                 Ice/Tmut       5%         N/A       75%         4
 Silence                  Hex/Air        2%         N/A       97%         5
 Yara's Violent Unravell  Hex/Tmut       2%         3d3       97%         5
 Conjure Ball Lightning   Conj/Air       4%         3x3d6     100%        6
 Death Channel            Necr           2%         N/A       100%        6
 Simulacrum               Ice/Necr       2%         N/A       100%        6
 Discord                  Hex            2%         N/A       100%        8
 Disjunction              Tloc           2%         N/A       100%        8


Dungeon Overview and Level Annotations

Branches:
Dungeon (6/15)             Temple (1/1) D:4

Altars:
Ashenzari
Cheibriados
Dithmenos
Elyvilon
Fedhas
Gozag
Hepliaklqana
Kikubaaqudgha
Makhleb
Nemelex Xobeh
Okawaru
Qazlal
Ru
Sif Muna
Trog
Uskayaw
Vehumet
Wu Jian
Xom
Yredelemnul
Zin
The Shining One

Shops:
D:4 (

Annotations:
D:6 Adrian566's ghost, novice DsFi


Innate Abilities, Weirdness & Mutations

You are too large for most types of armour.
You have tough skin. (AC +1)
Your magical capacity is very low. (-20% MP)
You occasionally shout uncontrollably at your foes.


Message History

The shadow imp gestures at you.
You struggle to resist.
You hit the shadow imp.
You kill the shadow imp!
Vehumet accepts your kill. The raiju bites you!
* * * LOW HITPOINT WARNING * * *
The raiju shocks you!
* * * LOW HITPOINT WARNING * * *
The raiju is engulfed in noxious fumes.
You flicker for a moment.
The raiju is engulfed in noxious fumes.
The raiju is engulfed in noxious fumes.
You feel much better. The raiju bites you. The raiju shocks you!
The neqoxec gestures at you.
Strange energies course through your body.
You feel less energetic.
The raiju is engulfed in noxious fumes.
The raiju appears confused.
The raiju bursts into living lightning!
The living lightning hits you!
The raiju blinks!
You flicker back into view.
A smoke demon comes into view.
The raiju barely misses you. The raiju bites you.
* * * LOW HITPOINT WARNING * * *
The raiju shocks you!
* * * LOW HITPOINT WARNING * * *
Blink to where?
Press: ? - help, Dir - move target, p - raiju
As you read the scroll of blinking, it crumbles to dust.
A smoke demon comes into view.
A golden eye comes into view.
Deactivating autopickup; reactivate with Ctrl-A.
The golden eye turns its gaze towards you.
You puncture something! Something hits you.
* * * LOW HITPOINT WARNING * * *
The golden eye blinks at you.
You are confused.
The smoke demon gestures at you. The ball of steam hits you!!
You die...

### ... . .
###.############ .#..
..........#....##. ...#
...#...#.#....... .. #
#...#.@....... ..[#
#...#..§....G.
...####+##...*....§.##..
.......3hh.####.....# .
..*..#.. #.....3. ..
.......... ........#
..#≈≈≈≈#.##.. .#.##..##
...≈≈≈≈≈..# ...## #.#
..#.≈≈≈≈.#.#


You could see a golden eye and a lurking horror.

Vanquished Creatures
  Prince Ribbit (D:6)
  A wyvern (D:6)
  Menkaure (D:5)
  A sky beast (D:5)
  2 necrophages
  An ogre (D:6)
  2 kobold brigands (D:6)
  2 scorpions
  A water moccasin zombie (D:4)
  A bullfrog zombie (D:5)
  A hound (D:5)
  Crazy Yiuf (D:5)
  2 bullfrog skeletons (D:6)
  Terence (D:2)
  4 iguanas
  A hound zombie (D:5)
  A hound skeleton (D:4)
  4 gnolls (D:5)
  2 adders
  A shadow imp (Abyss:1)
  A white imp (D:5)
  An adder skeleton (D:4)
  2 worms (D:2)
  3 orcs
  9 endoplasms
  5 giant cockroaches
  7 goblins
  8 hobgoblins
  10 jackals (D:2)
  9 kobolds
  8 quokkas
  10 ball pythons
  8 bats
  2 frilled lizards (D:1)
  2 rats
116 creatures vanquished.

Vanquished Creatures (collateral kills)
  4 foxfires
4 creatures vanquished.

Vanquished Creatures (others)
  223 foxfires
  3 fungi
  42 plants
268 creatures vanquished.

Grand Total: 388 creatures vanquished

Notes
Turn   | Place    | Note
-------+----------+-------------------------------------------
     0 | D:1      | bjtr the Ogre Fire Elementalist began the quest for the
                  | Orb.
     0 | D:1      | Reached XP level 1. HP: 16/16 MP: 3/3
   268 | D:1      | Reached XP level 2. HP: 26/26 MP: 0/5
   353 | D:1      | Learned a level 2 spell: Scorch
   505 | D:1      | Reached skill level 1 in Conjurations
   602 | D:1      | Reached skill level 1 in Fighting
   661 | D:1      | Reached XP level 3. HP: 31/33 MP: 5/7
  1359 | D:2      | Found a faded altar of an unknown god.
  1547 | D:2      | Noticed Terence
  1561 | D:2      | Killed Terence
  1562 | D:2      | Reached XP level 4. HP: 28/42 MP: 1/8
  2177 | D:3      | Found a bloodstained altar of Trog.
  2559 | D:3      | Identified the +10 dagger "Mushravuq" {venom, Str+4 Dex-4}
  3148 | D:3      | Learned a level 4 spell: Flame Wave
  3257 | D:4      | Reached XP level 5. HP: 50/50 MP: 6/9
  3678 | D:4      | Reached XP level 6. HP: 54/61 MP: 3/11
  3839 | D:4      | Found Liyffeops's Weapon Shop.
  3993 | D:4      | Found a staircase to the Ecumenical Temple.
  4002 | Temple   | Entered the Ecumenical Temple
  4323 | D:5      | Entered Level 5 of the Dungeon
  4418 | D:5      | Noticed a necrophage
  4423 | D:5      | Killed a necrophage
  4577 | D:5      | Noticed Menkaure
  4584 | D:5      | Killed Menkaure
  4585 | D:5      | Reached skill level 5 in Fire Magic
  4585 | D:5      | Reached XP level 7. HP: 68/68 MP: 5/13
  4758 | D:5      | Found a runed translucent door.
  4759 | D:5      | Noticed Crazy Yiuf
  4775 | D:5      | Killed Crazy Yiuf
  5517 | D:6      | Found a runed translucent gate.
  5517 | D:6      | Found a runed translucent gate.
  5518 | D:6      | Noticed Adrian566's ghost (novice DsFi)
  5524 | D:6      | Reached skill level 5 in Spellcasting
  5524 | D:6      | Reached XP level 8. HP: 57/79 MP: 8/15
  5643 | D:6      | Found a runed translucent gate.
  5802 | D:6      | Reached skill level 5 in Fighting
  5829 | D:6      | Found a radiant altar of Vehumet.
  5833 | D:6      | Became a worshipper of Vehumet
  5860 | D:6      | Noticed Prince Ribbit
  5869 | D:6      | Killed Prince Ribbit
  6292 | D:6      | Noticed a wyvern
  6299 | D:6      | Killed a wyvern
  6675 | D:6      | Noticed a kobold demonologist
  7137 | D:6      | Noticed an ice devil
  7139 | D:6      | Cast into level 1 of the Abyss (kobold brigand)
  7140 | Abyss:1  | Got the Collected Works on Enchantment
  7200 | Abyss:1  | Noticed a sun demon
  7261 | Abyss:1  | Noticed a large abomination
  7286 | Abyss:1  | Noticed a large abomination
  7338 | Abyss:1  | Noticed a raiju
  7410 | Abyss:1  | Noticed a ynoxinul
  7420 | Abyss:1  | Noticed a raiju
  7422 | Abyss:1  | Noticed a raiju
  7424 | Abyss:1  | Identified the +0 pair of gloves of Prudence {rF+ rC+
                  | Str-5}
  7427 | Abyss:1  | Gained mutation: Your magical capacity is low. (-10% MP) [a
                  | neqoxec]
  7430 | Abyss:1  | Noticed a raiju
  7430 | Abyss:1  | Gained mutation: You occasionally shout uncontrollably at
                  | your foes. [a neqoxec]
  7441 | Abyss:1  | Gained mutation: Your magical capacity is very low. (-20%
                  | MP) [a neqoxec]
  7445 | Abyss:1  | Noticed a smoke demon
  7450 | Abyss:1  | Noticed a smoke demon
  7452 | Abyss:1  | Killed from afar by a smoke demon

Illustrated notes

Levels and vault maps discovered:
D:1:      ncdulo_watergridlock, layout_loops_cross
D:2:      layout_rooms, ebering_ecumenical_altar_abandoned, bh_walls_and_bars,
          uniq_terence
D:3:      wad_woods_stonehenge, layout_basic, grunt_ministairs_2
D:4:      layout_rooms, lemuel_temple_firewalk_a, serial_shops, shop
D:5:      layout_loops_ring, uniq_menkaure, uniq_crazy_yiuf_cottage
D:6:      layout_loops_ring, marbit_many_paths, serial_rivers,
          chequers_serial_rivers_micro_c, chequers_serial_rivers_micro_b,
          chequers_serial_rivers_micro_e, chequers_serial_rivers_small_a,
          chequers_serial_rivers_large_a, chequers_serial_rivers_room_a,
          gammafunk_ghost_nasty_kobolds, uniq_prince_ribbit1
Temple:   nicolae_temple_the_god_donut
Abyss:1:  base:
D:3

Skill      XL: |  1  2  3  4  5  6  7  8 |
---------------+-------------------------+-----
Fire Magic     | 3 4 5 6 |  6.9
Conjurations   | 1 2 |  2.3
Fighting       | 1 2 3 4 5 |  5.8
Spellcasting   | 3 4 5 6 |  6.2
Dodging        | 2 |  2.6
Stealth        | 2 |  2.5
Maces & Flails | |  0.2

Action                   |  1- 3 |  4- 6 |  7- 9 || total
-------------------------+-------+-------+-------++-------
Melee: Mace              |     7 |       |       ||     7
       Flail             |    15 |    18 |       ||    33
       Dagger            |       |    23 |    63 ||    86
 Cast: Foxfire           |    59 |    59 |    18 ||   136
       Scorch            |       |    14 |    18 ||    32
       Flame Wave        |       |       |     2 ||     2
 Abil: Evoke Invisibilit |       |       |     1 ||     1
Evoke: Wand              |       |       |     2 ||     2
       Condenser vane    |       |       |     1 ||     1
  Use: Scroll            |     3 |       |    11 ||    14
       Potion            |       |       |     2 ||     2
 Stab: Sleeping          |       |     1 |     1 ||     2
Armor: Robe              |    15 |    22 |    21 ||    58
Dodge: Dodged            |    13 |    26 |    35 ||    74

Table legend: (Time is in decaauts)
 A = Elapsed time spent in this place.
 B = Non-inter-level travel time spent in this place.
 C = Inter-level travel time spent in this place.
 D = Time resting spent in this place.
 E = Time spent auto-exploring this place.
 F = Levels seen in this place.
 G = Mean time per level.
                   A        B        C        D        E       F      G
               +--------+--------+--------+--------+--------+-----+--------+
         Total |   7481 |   7341 |    140 |   1398 |   4743 |   8 |  935.1 |
       Dungeon |   6916 |   6776 |    140 |   1172 |   4524 |   6 | 1152.7 |
        Temple |    251 |    251 |      0 |      0 |    219 |   1 |  251.0 |
         Abyss |    312 |    312 |      0 |    226 |      0 |   1 |  312.0 |
               +--------+--------+--------+--------+--------+-----+--------+

Top non-repeatable levels by time:
     D:6: 1580 daAuts
     D:5: 1250 daAuts
     D:1: 1229 daAuts
     D:3: 1110 daAuts
     D:2: 921 daAuts
     D:4: 823 daAuts
 Abyss:1: 312 daAuts
  Temple: 251 daAuts
